 Dungeon Crawl Stone Soup version 0.20.0-15-g7f486f2 (webtiles) character file.

10564 MTVSty1e the Basher (level 11, -13/64 HPs)
             Began as a Gargoyle Fighter on June 9, 2017.
             Mangled by a two-headed ogre
             ... wielding a +0 giant club
              (29 damage)
             ... on level 11 of the Dungeon.
             The game lasted 00:21:02 (10445 turns).

MTVSty1e the Basher (Gargoyle Fighter)             Turns: 10445, Time: 00:21:03

Health: -13/64     AC: 16    Str: 24    XL:     11   Next: 64%
Magic:  4/4        EV:  7    Int:  8    God:
Gold:   520        SH: 13    Dex:  9    Spells: 10/10 levels left

rFire    + . .     SeeInvis .   x - +11 flail "Iryitud" {antimagic, -Tele +Rage rF+ Stlth+}
rCold    + . .     Gourm    .   c - +0 shield
rNeg     + . .     Faith    .   Q - +2 chain mail {rC+}
rPois    ∞         Spirit   .   (no helmet)
rElec    +         Reflect  .   A - +0 cloak
rCorr    .         Harm     .   (no gloves)
MR       +....     NoTele   +   (no boots)
Stlth    ..........             (no amulet)
Regen    0.2/turn               i - ring of protection from magic
MPRegen  0.1/turn               s - ring of stealth

@: no status effects
A: hooves 2, large bone plates 1, deformed body, negative energy resistance 1,
electricity resistance, unbreathing, petrification resistance, rot immunity,
subdued magic 1, AC +7
a: Evoke Berserk Rage


You were on level 11 of the Dungeon.
You were not hungry.

You visited 1 branch of the dungeon, and saw 11 of its levels.
You also visited: Ossuary.

You collected 520 gold pieces.

Inventory:

Hand Weapons
 a - a +0 flail
 e - a +3 flail of draining
 x - the +11 flail "Iryitud" (weapon) {antimagic, -Tele +Rage rF+ Stlth+}
   (You found it on level 6 of the Dungeon)

   It reduces the magical energy of the wielder, and disrupts the spells and
   magical abilities of those hit.
   Natural abilities and divine invocations are not affected.
   It protects you from fire.
   It lets you go berserk.
   It prevents most forms of teleportation.
   It makes you more stealthy.
Armour
 c - a +0 shield (worn)
 y - a +2 chain mail of fire resistance
 A - a +0 cloak (worn)
 F - +0 steam dragon scales
 Q - a +2 chain mail of cold resistance (worn)
Jewellery
 i - a ring of protection from magic (left hand)
 p - an uncursed ring of fire
 s - a ring of stealth (right hand)
 B - a +3 ring of dexterity
 C - an uncursed amulet of the gourmand
 L - the ring of Noapn {Fire Int+2, unknown}
   (You found it on level 9 of the Dungeon)

   [ring of fire]

   It enhances your fire magic.
   It affects your intelligence (+2).
   It protects you from fire.
   It makes you vulnerable to cold.
 P - an uncursed amulet of magic regeneration
Wands
 j - a wand of confusion (26/48)
 l - a wand of paralysis (9/24)
 v - a wand of polymorph (18/24)
 G - a wand of iceblast (10/15)
 H - a wand of confusion (9/48)
 I - a wand of disintegration (14/24)
 K - a wand of disintegration (10/24)
 O - a wand of flame (32/48)
Scrolls
 b - 2 scrolls of enchant weapon
 d - 3 scrolls of teleportation
 k - 6 scrolls of remove curse
 q - a scroll of enchant armour
 J - a scroll of magic mapping
Potions
 m - 3 potions of cancellation
 o - 3 potions of lignification
 t - 2 potions of flight
 u - a potion of invisibility {unknown}
 w - 3 potions of brilliance
 z - 2 potions of mutation
 D - a potion of haste
 E - 15 potions of degeneration
 M - a potion of heal wounds
 R - a potion of curing
 S - a potion of might
Books
 n - a book of Minor Magic

   Spells                             Type                      Level
   a - Magic Dart                     Conjuration                  1
   b - Blink                          Translocation                2
   c - Call Imp                       Summoning                    2
   d - Slow                           Hexes                        2
   e - Conjure Flame                  Conjuration/Fire             3
   f - Mephitic Cloud                 Conjuration/Poison/Air       3
 r - a book of Geomancy

   Spells                             Type                      Level
   a - Sandblast                      Earth                        1
   b - Passwall                       Transmutation/Earth          2
   c - Stone Arrow                    Conjuration/Earth            3
   d - Petrify                        Transmutation/Earth          4
   e - Lee's Rapid Deconstruction     Earth                        5
 N - a book of Misfortune

   Spells                             Type                      Level
   a - Confusing Touch                Hexes                        1
   b - Confuse                        Hexes                        3
   c - Gell's Gravitas                Translocation                3
   d - Petrify                        Transmutation/Earth          4
   e - Metabolic Englaciation         Hexes/Ice                    5
   f - Yara's Violent Unravelling     Hexes/Transmutation          5
Comestibles
 f - 2 bread rations
 g - 7 meat rations
 h - 9 royal jellies


   Skills:
 + Level 6.2 Fighting
 * Level 14.9 Maces & Flails
 + Level 6.0 Armour
 + Level 3.5 Dodging
 - Level 3.2 Shields
 + Level 3.8 Evocations


You had 10 spell levels left.
You didn't know any spells.

Dungeon Overview and Level Annotations

Branches:
Dungeon (11/15)               Orc (0/2) D:10
 Temple: D:4-7         Lair: D:8-11

Altars:
Ashenzari
Nemelex Xobeh
Qazlal
Trog
Vehumet
The Shining One

Shops:
D:6 %   D:8 *


Innate Abilities, Weirdness & Mutations

You are resistant to torment.
Your stone body is resilient. (AC +7)
You are immune to poison.
You resist negative energy. (rN+)
You are resistant to electric shocks. (rElec)
You can survive without breathing.
You are immune to petrification.
You are immune to rotting.
You have hoof-like feet.
You are partially covered in large bone plates. (SH +4)
Armour fits poorly on your strangely shaped body.
Your spells are a little easier to cast, but a little less powerful.


Message History

The two-headed ogre is moderately wounded.
You block the two-headed ogre's attack. x2
A two-headed ogre is nearby!
You sock the two-headed ogre!
You kick the two-headed ogre, but do no damage.
The two-headed ogre is heavily wounded.
You sock the two-headed ogre!
The two-headed ogre is severely wounded.
The two-headed ogre hits you with a giant club!!
* * * LOW HITPOINT WARNING * * *
You block the two-headed ogre's attack.
A two-headed ogre is nearby!
You are too injured to fight recklessly!
You are too injured to fight recklessly!
You are too injured to fight recklessly!
You sock the two-headed ogre!
You kick the two-headed ogre, but do no damage.
The two-headed ogre is almost dead.
The two-headed ogre hits you with a giant club!!
You die...

######.# #...?#.#
#........
'....+.#####
#.......
#....#.....#
#......
#....#.....# #(....
..####.....####....
..# #........#...
..#
##......#<##O####
###
#..)#.(.#.##@...#
#.#.#.###.....#.#
#.....#....}..#
###.###.####### #.#
#.### #.# #...#
#.#####.# #.......#
#########


You could see a two-headed ogre.

Vanquished Creatures
  Erica (D:8)
  2 two-headed ogres (D:9)
  A manticore (D:11)
  A gargoyle (D:9)
  A queen bee (D:8)
  4 trolls
  A hornet (D:10)
  2 hippogriffs
  Sigmund (D:5)
  A steam dragon (D:9)
  A hungry ghost (D:9)
  A swamp drake (D:10)
  5 orc warriors
  2 ice beasts
  2 phantoms
  3 sky beasts
  4 ogres
  5 centaurs
  3 elf zombies (Ossuary)
  A big kobold (D:8)
  7 bullfrogs
  A water moccasin zombie (D:5)
  3 scorpions
  14 killer bees
  A howler monkey (D:5)
  5 centaur zombies (Ossuary)
  A quasit (D:10)
  3 crimson imps
  4 human zombies (Ossuary)
  A jelly (D:8)
  2 centaur skeletons
  11 orc priests
  Crazy Yiuf (D:5)
  A gnoll shaman (D:3)
  4 hounds
  16 orc wizards
  3 iguanas
  Ijyb (D:3)
  6 worker ants
  3 mummies (Ossuary)
  3 worker ant zombies
  17 adders
  5 gnolls (D:3)
  2 shadow imps
  An ooze (D:1)
  An adder skeleton (D:3)
  4 worms
  A dart slug (D:1)
  A leopard gecko (D:3)
  61 orcs
  2 ball pythons
  5 bats
  11 giant cockroaches
  5 goblins
  9 hobgoblins
  7 jackals
  3 quokkas
  4 frilled lizards
  A giant cockroach zombie (D:5)
  16 kobolds
  A leopard gecko skeleton (D:7)
  A leopard gecko zombie (D:8)
  A quokka skeleton (D:8)
  12 rats
304 creatures vanquished.

Notes
Turn   | Place    | Note
-------+----------+-------------------------------------------
     0 | D:1      | MTVSty1e the Gargoyle Fighter began the quest for the Orb.
     0 | D:1      | Reached XP level 1. HP: 14/14 MP: 1/1
   211 | D:1      | Reached XP level 2. HP: 17/19 MP: 2/2
   247 | D:1      | Reached skill level 3 in Maces & Flails
   529 | D:1      | Reached XP level 3. HP: 21/23 MP: 3/3
   913 | D:2      | Reached skill level 4 in Maces & Flails
   929 | D:2      | Reached XP level 4. HP: 25/28 MP: 4/4
  1169 | D:3      | Noticed Ijyb
  1183 | D:3      | Killed Ijyb
  1183 | D:3      | Reached skill level 5 in Maces & Flails
  1183 | D:3      | Reached XP level 5. HP: 21/32 MP: 5/5
  1601 | D:3      | Found a shattered altar of Ashenzari.
  1804 | D:3      | Reached skill level 6 in Maces & Flails
  1810 | D:3      | Reached XP level 6. HP: 29/37 MP: 6/6
  2707 | D:4      | Reached skill level 7 in Maces & Flails
  2765 | D:4      | Found a stormy altar of Qazlal.
  2917 | D:4      | Found a sparkling altar of Nemelex Xobeh.
  2953 | D:4      | Found a glowing golden altar of the Shining One.
  3211 | D:4      | Reached XP level 7. HP: 38/41 MP: 7/7
  3348 | D:5      | Entered Level 5 of the Dungeon
  3382 | D:5      | Reached skill level 8 in Maces & Flails
  3451 | D:5      | Noticed Sigmund
  3460 | D:5      | Killed Sigmund
  3596 | D:5      | Reached skill level 9 in Maces & Flails
  3596 | D:5      | Reached XP level 8. HP: 43/46 MP: 8/8
  3600 | D:5      | Gained mutation: You have large cloven feet. [mutagenic meat]
  3601 | D:5      | Gained mutation: You are dopey. (Int -2) [mutagenic meat]
  3602 | D:5      | Gained mutation: Scrolls take you a little longer to read. [mutagenic meat]
  3724 | D:5      | Found a runed door.
  3864 | D:5      | Reached skill level 10 in Maces & Flails
  4186 | D:5      | Noticed Crazy Yiuf
  4188 | D:5      | Killed Crazy Yiuf
  4259 | D:6      | Noticed a moth of wrath
  4262 | D:6      | Found a bloodstained altar of Trog.
  4291 | D:6      | Identified the +11 flail "Iryitud" {antimagic, -Tele +Rage rF+ Stlth+} (You found it on level 6 of the Dungeon)
  4450 | D:6      | Found Bikh's Food Shoppe.
  4459 | D:6      | You fall through a shaft for 2 floors!
  4599 | D:7      | Reached skill level 11 in Maces & Flails
  4633 | D:7      | Reached XP level 9. HP: 51/51 MP: 3/9
  4849 | D:7      | Found a sand-covered staircase.
  4950 | Ossuary  | Entered an ossuary
  5184 | Ossuary  | Reached skill level 12 in Maces & Flails
  5489 | D:7      | Lost mutation: You are dopey. (Int -2) [potion of mutation]
  5489 | D:7      | Lost mutation: Scrolls take you a little longer to read. [potion of mutation]
  5489 | D:7      | Gained mutation: Your spells are a little easier to cast, but a little less powerful. [potion of mutation]
  5489 | D:7      | Gained mutation: You are partially covered in large bone plates. (SH +4) [potion of mutation]
  5489 | D:7      | Gained mutation: Armour fits poorly on your strangely shaped body. [potion of mutation]
  5489 | D:7      | Gained mutation: You have hoof-like feet. [potion of mutation]
  5608 | D:7      | Reached skill level 13 in Maces & Flails
  5813 | D:8      | Noticed a queen bee
  5836 | D:8      | Killed a queen bee
  5836 | D:8      | Reached XP level 10. HP: 20/56 MP: 3/10
  5836 | D:8      | HP: 1/56 [killer bee (8)]
  5843 | D:8      | HP: 1/56 [killer bee (1)]
  6967 | D:8      | Noticed Erica
  6974 | D:8      | Found a radiant altar of Vehumet.
  6986 | D:8      | Killed Erica
  6986 | D:8      | Reached skill level 14 in Maces & Flails
  6986 | D:8      | Reached skill level 1 in Dodging
  6986 | D:8      | Reached skill level 1 in Evocations
  7398 | D:8      | Found Josmurph's General Store.
  8033 | D:9      | Noticed a two-headed ogre
  8041 | D:9      | Killed a two-headed ogre
  8136 | D:9      | Noticed a gargoyle
  8156 | D:9      | Killed a gargoyle
  8331 | D:9      | Noticed a two-headed ogre
  8342 | D:9      | Killed a two-headed ogre
  8342 | D:9      | Reached skill level 5 in Fighting
  8342 | D:9      | Reached XP level 11. HP: 17/63 MP: 3/13
  8674 | D:9      | Reached skill level 5 in Armour
  8902 | D:9      | Got a flickering granite ring
  8980 | D:10     | Entered Level 10 of the Dungeon
  9388 | D:10     | Found a staircase to the Orcish Mines.
 10069 | D:11     | Noticed a manticore
 10083 | D:11     | Killed a manticore
 10440 | D:11     | Noticed a two-headed ogre
 10445 | D:11     | Mangled by a two-headed ogre

Skill      XL: |  1  2  3  4  5  6  7  8  9 10 11 |
---------------+----------------------------------+-----
Maces & Flails | 3 4 5 6 7 9 11 13 14 | 14.9
Dodging        | 2 3 |  3.5
Evocations     | 3 |  3.8
Fighting       | 5 6 |  6.2
Armour         | 4 6 |  6.0
Shields        | |  3.2

Action                   |  1- 3 |  4- 6 |  7- 9 | 10-12 || total
-------------------------+-------+-------+-------+-------++-------
Melee: Flail             |   129 |   211 |   331 |   375 ||  1046
       Kick              |       |       |    63 |    79 ||   142
  Use: Potion            |       |     6 |     7 |     1 ||    14
       Scroll            |       |     6 |    13 |     4 ||    23
 Stab: Confused          |       |       |       |     2 ||     2
  Eat: Bread ration      |       |     2 |       |       ||     2
       Chunk             |       |     1 |     3 |     4 ||     8
       Fruit             |       |       |     6 |     8 ||    14
       Royal jelly       |       |       |     1 |       ||     1
       Meat ration       |       |       |       |     1 ||     1
Armor: Scale mail        |    78 |    99 |    25 |       ||   202
       Chain mail        |       |       |   152 |   124 ||   276
Dodge: Dodged            |    41 |    38 |    60 |    60 ||   199
Block: Shield            |    73 |    90 |   152 |   198 ||   513
